 Dungeon Crawl Stone Soup version 0.32-a0-675-gdc239d62e1 (webtiles) character file.

Game seed: 2763972308770290733

2249 kae the Carver (level 9, -2/61 HPs)
             Began as a Coglin Gladiator on Mar 11, 2024.
             Was an Initiate of Okawaru.
             Slain by a vampire mosquito (7 damage)
             ... on level 7 of the Dungeon on Mar 12, 2024.
             The game lasted 00:06:22 (5993 turns).

kae the Carver (Coglin Gladiator)                   Turns: 5993, Time: 00:06:23

Health: -2/61      AC: 11    Str: 14      XL:     9   Next: 37%
Magic:  9/9        EV:  7    Int:  8      God:    Okawaru [......]
Gold:   514        SH:  0    Dex: 19 (20) Spells: 8/8 levels left

rFire   . . .        a - +0 long sword (venom) {Kyoko}
rCold   . . .        f - +0 dagger {Yuxuan}
rNeg    . . .        j - +1 chain mail
rPois   .            c - +1 helmet
rElec   .            (no cloak)
rCorr   .            (no gloves)
SInv    .            (no boots)
Will    .....        (amulet unavailable) Stlth
                     (ring unavailable)
HPRegen 0.30/turn    (ring unavailable)
MPRegen 0.11/turn    (no gizmo)

%: no passive effects
@: revved
A: off-hand wielding, slow wielding, warmup strikes, no jewellery
a: Invent Gizmo, Renounce Religion


You were on level 7 of the Dungeon.
You worshipped Okawaru.
Okawaru was noncommittal.
You visited 2 branches of the dungeon, and saw 8 of its levels.
You also visited: Ossuary.

You collected 547 gold pieces.
You spent 33 gold pieces at shops.


Innate Abilities, Weirdness & Mutations

You can wield a second weapon in your off-hand.
It takes a long time for you to wield or remove held weapons.
Your first few attacks do less damage.
You cannot equip rings or amulets.


   Skills:
 + Level 2.0 Fighting
 + Level 12.4 Long Blades
 + Level 1.9 Throwing
 + Level 0.2 Armour
 + Level 2.7 Dodging
 + Level 0.1 Invocations


You had 8 spell levels left.
You didn't know any spells.
Your spell library contained the following spells:

 Spells                   Type           Power      Damage    Failure   Level
 Freeze                   Ice            0%         1d3       100%        1
 Kiss of Death            Conj/Necr      0%         2d5       100%        1
 Magic Dart               Conj           0%         1d3       100%        1
 Searing Ray              Conj           0%         2d4       100%        2
 Confusing Touch          Hex            0%         N/A       100%        3
 Frozen Ramparts          Ice            0%         1d1       100%        3
 Hailstorm                Conj/Ice       0%         3d5       100%        3
 Dispel Undead            Necr           0%         3d6       100%        4
 Fulminant Prism          Conj/Alch      0%         3d5       100%        4

Inventory:

Hand Weapons
 a - a +0 long sword of venom (weapon) {Kyoko}
 f - a +0 dagger (offhand) {Yuxuan}
Missiles
 d - 3 throwing nets (quivered) {=f!f}
 e - 6 javelins
 g - 5 boomerangs
 k - 4 poisoned darts
 n - 24 stones
Armour
 b - a +0 leather armour
 c - a +1 helmet (worn)
 j - a +1 chain mail (worn)
   (You found it on level 1 of the Dungeon)
Magical Staves
 p - a staff of earth {!a}
   (You found it on level 4 of the Dungeon)
Jewellery
 C - a ring of ice
   (You found it on level 3 of the Dungeon)
 E - a +5 ring of evasion
   (You found it on level 1 of the Dungeon)
 G - an amulet of guardian spirit
   (You found it on level 2 of the Dungeon)
Wands
 y - a wand of charming (6)
   (You found it on level 7 of the Dungeon)
Scrolls
 h - a scroll of vulnerability {!r!r}
 l - 5 scrolls of teleportation {@r4}
 u - 2 scrolls of poison {!r}
 w - a scroll of identify {@r1}
 x - 2 scrolls of enchant armour
 z - a scroll of enchant weapon {unknown}
Potions
 i - 10 potions of curing {@q1}
 m - a potion of heal wounds {@q2}
 o - a potion of enlightenment {unknown}
 q - a potion of mutation {!q}
 r - a potion of degeneration {!q}
 s - 2 potions of resistance {unknown}
 t - a potion of berserk rage {unknown}
 v - a potion of invisibility {unknown}

Dungeon Overview and Level Annotations

Branches:
Dungeon (7/15) Zot: 26564  Temple (1/1) D:5 Zot: 5995 Ossuary (visited)

Altars:
Ashenzari
Cheibriados
Dithmenos
Elyvilon
Gozag
Kikubaaqudgha
Makhleb
Nemelex Xobeh
Okawaru
Ru
Sif Muna
Trog
Uskayaw
Vehumet
Wu Jian
Yredelemnul
Zin
The Shining One

Shops:
D:1

! #.###.# #.# ###....)##
#.# ##.'.._..). #.#
#..#.....#) ###.#
#.##.###.#. #...#
#.##.....#. ...#
#.##+###'#.
#.#########.#..###...
#yyy@................
#.###.##################.
#.....# ####. ###.###
#.... #. #.##. #. ###.##.
#. #..>... #. ##.#.##. #.
#....##.


You could see 3 vampire mosquitoes.


Message History

You hit the vampire mosquito but do no damage.
The vampire mosquito bites you but does no damage.
You hit the vampire mosquito with your +0 dagger.
You slash the vampire mosquito with your +0 long sword of venom!
The vampire mosquito bites you.
The vampire mosquito draws strength from your injuries!
The vampire mosquito bites you!
The vampire mosquito draws strength from your injuries!
You are too injured to fight recklessly! 😮 HP[-12]
You take 12 damage, and now have 35/61 hp.
A vampire mosquito is nearby!
You are too injured to fight recklessly!
You are too injured to fight recklessly!
A vampire mosquito is nearby!
You are too injured to fight recklessly!
You are too injured to fight recklessly!
A vampire mosquito is nearby!
You are too injured to fight recklessly!
You are too injured to fight recklessly!
Unknown command.
You closely miss the vampire mosquito with your +0 long sword of venom.
You hit the vampire mosquito but do no damage.
The vampire mosquito bites you.
The vampire mosquito draws strength from your injuries!
You barely miss the vampire mosquito with your +0 dagger.
You closely miss the vampire mosquito with your +0 long sword of venom.
The vampire mosquito bites you but does no damage.
The vampire mosquito barely misses you.
You hit the vampire mosquito but do no damage.
You hit the vampire mosquito with your +0 long sword of venom.
The vampire mosquito bites you.
The vampire mosquito draws strength from your injuries! 😮 HP[-4]
You take 4 damage, and now have 31/61 hp.
Unknown command.
You closely miss the vampire mosquito with your +0 long sword of venom.
You hit the vampire mosquito with your +0 dagger.
A vampire mosquito comes into view.
The vampire mosquito barely misses you.
The vampire mosquito buzzes angrily.
You slash the vampire mosquito with your +0 long sword of venom!
You closely miss the vampire mosquito with your +0 dagger.
You hear an angry buzzing noise.
The vampire mosquito bites you.
* * * LOW HITPOINT WARNING * * *
The vampire mosquito draws strength from your injuries! 😨 HP[-2]
You take 2 damage, and now have 29/61 hp.
Unknown command. 😨 HP[+1]
The vampire mosquito attacks as it pursues you!
The vampire mosquito barely misses you. The vampire mosquito bites you.
* * * LOW HITPOINT WARNING * * *
The vampire mosquito draws strength from your injuries! 😨 HP[-5]
You take 5 damage, and now have 25/61 hp.
The vampire mosquito attacks as it pursues you!
The vampire mosquito barely misses you. The vampire mosquito bites you!
* * * LOW HITPOINT WARNING * * *
The vampire mosquito draws strength from your injuries! 😨 HP[-9]
You take 9 damage, and now have 16/61 hp.
The vampire mosquito bites you but does no damage. 😨 HP[+1]
You barely miss the vampire mosquito with your +0 dagger.
You miss the vampire mosquito with your +0 long sword of venom.
The vampire mosquito bites you.
* * * LOW HITPOINT WARNING * * *
The vampire mosquito draws strength from your injuries!
Unknown command. 😱 HP[-6]
You take 6 damage, and now have 11/61 hp.
You hit the vampire mosquito with your +0 dagger.
You hit the vampire mosquito with your +0 long sword of venom.
The vampire mosquito bites you but does no damage.
You miss the vampire mosquito with your +0 long sword of venom.
You hit the vampire mosquito with your +0 dagger.
The vampire mosquito bites you but does no damage. x2
You hit the vampire mosquito but do no damage.
You closely miss the vampire mosquito with your +0 long sword of venom.
The vampire mosquito barely misses you. 😱 HP[+1]
You miss the vampire mosquito with your +0 long sword of venom.
You closely miss the vampire mosquito with your +0 dagger.
The vampire mosquito barely misses you.
You hit the vampire mosquito with your +0 long sword of venom.
You closely miss the vampire mosquito with your +0 dagger.
The vampire mosquito bites you but does no damage.
A vampire mosquito comes into view.
The vampire mosquito bites you!
* * * LOW HITPOINT WARNING * * *
The vampire mosquito draws strength from your injuries! 😱 HP[-7]
You take 7 damage, and now have 5/61 hp.
You barely miss the vampire mosquito with your +0 long sword of venom.
You miss the vampire mosquito with your +0 dagger.
The vampire mosquito buzzes angrily.
The vampire mosquito bites you!
You die...

Skill      XL: |  1  2  3  4  5  6  7  8  9 |
---------------+----------------------------+-----
Long Blades    | 4 6 7 9 11 12 | 12.4
Fighting       | |  2.0
Throwing       | |  1.9
Armour         | |  0.2
Dodging        | |  2.7
Invocations    | |  0.1

Action                     |  1- 3 |  4- 6 |  7- 9 || total
---------------------------+-------+-------+-------++-------
  Melee: Long sword        |    55 |    99 |   324 ||   478
         Dagger            |    50 |    96 |   297 ||   443
    Use: Scroll            |     1 |     8 |     4 ||    13
         Potion            |       |     1 |       ||     1
   Stab: Sleeping          |     2 |       |       ||     2
 Armour: Leather armour    |    11 |       |       ||    11
         Chain mail        |    15 |    94 |   319 ||   428
  Dodge: Dodged            |    32 |    37 |   107 ||   176

Levels and vault maps discovered:
D:1:      lightli_arrival_chessboard, layout_basic, serial_shops, shop,
          minmay_misc_feat_roman, minmay_misc_feat_room, nicolae_grassy_gnolls
D:2:      layout_loops_ring
D:3:      layout_basic, mainiacjoe_overflow_chevrons,
          nicolae_overflow_crystal_walls, mainiacjoe_overflow_big_doors,
          uniq_grinder
D:4:      layout_loops_corners, mainiacjoe_overflow_paths
D:5:      layout_rooms, minmay_temple_entry_junction, serial_bayou_pond_a,
          uniq_blork_the_orc
D:6:      layout_cave_pools, mainiacjoe_overflow_alcove_2, serial_demonic,
          serial_demonic_a, serial_demonic_a, serial_demonic_a,
          serial_demonic_b, serial_demonic_d, serial_demonic_b,
          nicolae_ossuary_entry_ruins, uniq_menkaure
D:7:      layout_loops_ring, mainiacjoe_overflow_brackets,
          mainiacjoe_overflow_six_doors_small, kennysheep_mini,
          gammafunk_ghost_nasty_kobolds, kennysheep_cross_room
Temple:   hellmonk_temple_rainy

Notes
Turn   | Place    | Note
-------+----------+-------------------------------------------
     0 | D:1      | kae the Coglin Gladiator began the quest for the Orb.
     0 | D:1      | Reached XP level 1. HP: 16/16 MP: 1/1
     0 | D:1      | magus.rc [v1.11.3]
   290 | D:1      | Reached XP level 2. HP: 22/22 MP: 2/2
   301 | D:1      | Found Hiwkafyq's Distillery.
   312 | D:1      | Bought a potion of curing for 33 gold pieces
   563 | D:1      | Reached skill level 4 in Long Blades
   563 | D:1      | Reached XP level 3. HP: 27/27 MP: 3/3
   563 | D:1      | magus.rc [v1.11.3]
   939 | D:2      | Reached XP level 4. HP: 30/33 MP: 4/4
  1491 | D:3      | You pick up a book of Frost and begin reading...
  1491 | D:3      | You add the spells Freeze, Frozen Ramparts and Hailstorm to
                  | your library.
  1614 | D:3      | Reached skill level 5 in Long Blades
  1670 | D:3      | Found a glowing silver altar of Zin.
  1675 | D:3      | magus.rc [v1.11.3]
  1736 | D:3      | Found a glowing golden altar of the Shining One.
  1830 | D:3      | Noticed Grinder
  1835 | D:3      | HP: 3/30 [Grinder/nerve-wracking pain (14)]
  2092 | D:3      | Paralysed by Grinder for 5 turns
  2139 | D:3      | Killed Grinder
  2140 | D:3      | Reached skill level 6 in Long Blades
  2140 | D:3      | Reached XP level 5. HP: 16/38 MP: 5/5
  2140 | D:3      | Reached XP level 6. HP: 19/44 MP: 6/6
  2322 | D:3      | Found an opulent altar of Gozag.
  2329 | D:3      | Found a hide-covered altar of Uskayaw.
  2616 | D:4      | Reached skill level 7 in Long Blades
  2927 | D:4      | Found a sparkling altar of Nemelex Xobeh.
  2941 | D:4      | HP: 9/44 [orc/+0 dagger (4)]
  3496 | D:5      | Entered Level 5 of the Dungeon
  3535 | D:5      | Reached XP level 7. HP: 45/50 MP: 7/7
  3565 | D:5      | Noticed Blork the orc
  3574 | D:5      | Killed Blork the orc
  3575 | D:5      | Reached skill level 8 in Long Blades
  3625 | D:5      | You pick up a book of Touch and begin reading...
  3625 | D:5      | You add the spells Kiss of Death, Confusing Touch and
                  | Dispel Undead to your library.
  3654 | D:5      | You pick up a book of Conjurations and begin reading...
  3654 | D:5      | You add the spells Magic Dart, Searing Ray and Fulminant
                  | Prism to your library.
  3691 | D:5      | Reached skill level 9 in Long Blades
  3701 | D:5      | Reached XP level 8. HP: 50/56 MP: 8/8
  3892 | D:5      | Found a staircase to the Ecumenical Temple.
  3919 | Temple   | Entered the Ecumenical Temple
  3999 | D:6      | Noticed Menkaure
  4121 | D:6      | Found a sand-covered staircase.
  4131 | D:6      | Reached skill level 10 in Long Blades
  4133 | Ossuary  | Entered an ossuary
  4414 | Ossuary  | Reached skill level 11 in Long Blades
  4592 | D:6      | Killed Menkaure
  4593 | D:6      | Reached XP level 9. HP: 58/61 MP: 9/9
  4932 | D:6      | Found an ornate altar of the Wu Jian Council.
  5009 | D:6      | Reached skill level 12 in Long Blades
  5009 | D:6      | HP: 13/61 [gnoll/+0 spear[a gnoll bouda] (3)]
  5545 | D:7      | Found an iron altar of Okawaru.
  5570 | D:7      | Became a worshipper of Warmaster Okawaru
  5807 | D:7      | Found a broken altar of Ashenzari.
  5987 | D:7      | HP: 11/61 [vampire mosquito (6)]
  5992 | D:7      | HP: 5/61 [vampire mosquito (7)]
  5993 | D:7      | Slain by a vampire mosquito

Vanquished Creatures
  Grinder (D:3)
  Menkaure (D:6)
  An ice beast (D:5)
  A sky beast (D:5)
  An orc warrior (D:7)
  An ogre (D:5)
  A black bear (D:6)
  3 elf zombies (Ossuary)
  A weeping skull (Ossuary)
  Blork the orc (D:5)
  3 scorpions
  A bombardier beetle (D:5)
  A centaur zombie (Ossuary)
  A jelly (D:6)
  A human zombie (Ossuary)
  3 quasits (D:6)
  2 orc priests
  2 gnoll boudas
  2 hounds
  2 iguanas
  2 sleepcaps
  6 orc wizards
  A bullfrog simulacrum (Ossuary)
  A hound zombie (Ossuary)
  3 mummies (Ossuary)
  9 gnolls
  5 adders
  A shadow imp (D:6)
  3 white imps (D:6)
  4 ufetubi (D:6)
  2 adder zombies (Ossuary)
  A ribbon worm (D:4)
  7 orcs
  4 endoplasms (D:1)
  2 giant cockroaches
  2 gnoll zombies (Ossuary)
  3 goblins
  4 hobgoblins
  5 quokkas
  4 ball pythons
  5 ball python zombies (Ossuary)
  5 bats
  5 frilled lizards (D:1)
  5 jackal zombies (Ossuary)
  6 kobolds
  7 kobold zombies (Ossuary)
  An orc zombie (Ossuary)
  5 rats
138 creatures vanquished.

Table legend:
 A = Non-vault XP
 B = Vault XP
 C = Vault XP percentage of total XP
 D = Non-vault monster count
 E = Vault monster count
 F = Vault count percentage of total count
                 A         B        C        D         E       F
            +---------+---------+-------+---------+---------+-------
      Total |    1837 |    1378 |  42.9 |      90 |      48 |  34.8
            +---------+---------+-------+---------+---------+-------
        D:1 |      28 |      15 |  34.9 |      19 |       1 |   5.0
        D:2 |      53 |       0 |   0.0 |      11 |       0 |   0.0
        D:3 |      36 |     277 |  88.5 |      16 |       1 |   5.9
        D:4 |     168 |       0 |   0.0 |      10 |       0 |   0.0
        D:5 |     752 |      91 |  10.8 |      12 |       1 |   7.7
        D:6 |     515 |     383 |  42.7 |      14 |      12 |  46.2
        D:7 |     285 |       0 |   0.0 |       8 |       0 |   0.0
    Ossuary |       0 |     612 | 100.0 |       0 |      33 | 100.0
            +---------+---------+-------+---------+---------+-------

Skill      XL: |  1  2  3  4  5  6  7  8  9 |
---------------+----------------------------+-----
Long Blades    | 4 6 7 9 11 12 | 12.4
Fighting       | |  2.0
Throwing       | |  1.9
Armour         | |  0.2
Dodging        | |  2.7
Invocations    | |  0.1

Action                     |  1- 3 |  4- 6 |  7- 9 || total
---------------------------+-------+-------+-------++-------
  Melee: Long sword        |    55 |    99 |   324 ||   478
         Dagger            |    50 |    96 |   297 ||   443
    Use: Scroll            |     1 |     8 |     4 ||    13
         Potion            |       |     1 |       ||     1
   Stab: Sleeping          |     2 |       |       ||     2
 Armour: Leather armour    |    11 |       |       ||    11
         Chain mail        |    15 |    94 |   319 ||   428
  Dodge: Dodged            |    32 |    37 |   107 ||   176

Illustrated notes

Table legend:
 A = Kills in this place as a percentage of kills in the entire game.
 B = Kills by you in this place as a percentage of kills by you in the entire game.
 C = Kills by friends in this place as a percentage of kills by friends in the entire game.
 D = Other kills in this place as a percentage of other kills in the entire game.
 E = Experience gained in this place as a percentage of experience gained in the entire game.
 F = Experience gained in this place divided by the number of levels of this place that you have seen.
                   A       B       C       D       E      F
               +-------+-------+-------+-------+-------+----------------------
         Total | 100.0 | 100.0 |   N/A |   N/A | 100.0 | 357.2
       Dungeon |  76.1 |  76.1 |   N/A |   N/A |  81.0 | 371.9
       Ossuary |  23.9 |  23.9 |   N/A |   N/A |  19.0 | 612.0
               +-------+-------+-------+-------+-------+----------------------

Table legend: (Time is in decaauts)
 A = Elapsed time spent in this place.
 B = Non-inter-level travel time spent in this place.
 C = Inter-level travel time spent in this place.
 D = Time resting spent in this place.
 E = Time spent auto-exploring this place.
 F = Levels seen in this place.
 G = Mean time per level.
                   A        B        C        D        E       F      G
               +--------+--------+--------+--------+--------+-----+--------+
         Total |   5920 |   5653 |    267 |    348 |   4308 |   9 |  657.8 |
       Dungeon |   5582 |   5316 |    266 |    331 |   4184 |   7 |  797.4 |
        Temple |      4 |      3 |      1 |      0 |      3 |   1 |    4.0 |
       Ossuary |    333 |    333 |      0 |     17 |    121 |   1 |  333.0 |
               +--------+--------+--------+--------+--------+-----+--------+

Top non-repeatable levels by time:
     D:6: 1075 daAuts
     D:4: 1068 daAuts
     D:3: 973 daAuts
     D:1: 748 daAuts
     D:2: 708 daAuts
     D:5: 573 daAuts
     D:7: 435 daAuts
 Ossuary: 333 daAuts
  Temple: 4 daAuts
